 Dungeon Crawl Stone Soup version 0.21-a0-538-gd16b88a (webtiles) character file.

809 slep the Cleaver (level 7, 0/60 HPs)
             Began as a Hill Orc Gladiator on Dec 16, 2017.
             Was a Believer of Okawaru.
             Slain by Duvessa
             ... wielding a cursed -1 rapier
              (17 damage)
             ... on level 5 of the Dungeon.
             The game lasted 00:12:33 (3745 turns).

slep the Cleaver (Hill Orc Gladiator)               Turns: 3745, Time: 00:12:34

Health: 0/60       AC:  5    Str: 15 (17) XL:     7   Next: 92%
Magic:  7/7        EV: 13    Int:  7 (8)  God:    Okawaru [**....]
Gold:   276        SH:  0    Dex: 11 (14) Spells: 6/6 levels left

rFire    . . .     SeeInvis .   a - +0 war axe
rCold    . . .     Gourm    +   (no shield)
rNeg     . . .     Faith    .   b - +0 leather armour
rPois    .         Spirit   .   c - +0 helmet
rElec    .         Reflect  .   y - +0 cloak
rCorr    .         Harm     .   (no gloves)
MR       .....                  (no boots)
Stlth    +.........             j - amulet of the gourmand
HPRegen  0.20/turn              (no ring)
MPRegen  0.10/turn              (no ring)

@: no status effects
A: no striking features
a: Heroism, Renounce Religion


You were on level 5 of the Dungeon.
You worshipped Okawaru.
Okawaru was pleased with you.
You were completely stuffed.

You visited 1 branch of the dungeon, and saw 6 of its levels.

You collected 276 gold pieces.

Inventory:

Hand Weapons
 a - a +0 war axe (weapon)
 r - a cursed -1 hunting sling
Missiles
 d - 2 throwing nets (quivered)
Armour
 b - a +0 leather armour (worn)
 c - a +0 helmet (worn)
 y - a +0 cloak (worn)
Jewellery
 j - an amulet of the gourmand (around neck)
Wands
 s - a wand of digging (9)
Scrolls
 h - 5 scrolls of teleportation {unknown}
 k - 2 scrolls of remove curse {unknown}
 l - 3 scrolls of identify {unknown}
 o - a scroll of fear {unknown}
 t - a scroll of amnesia {unknown}
 u - a scroll of immolation {unknown}
 x - a scroll of blinking {unknown}
Potions
 i - 2 potions of might {unknown}
 n - 3 potions of curing {unknown}
 p - 2 potions of brilliance {unknown}
 q - a potion of resistance {unknown}
 v - a potion of haste {unknown}
 w - a potion of berserk rage {unknown}
 z - 2 potions of lignification {unknown}
 A - a potion of flight {unknown}
Comestibles
 f - 4 bread rations
 g - 2 meat rations
 m - 2 royal jellies


   Skills:
 + Level 4.9 Fighting
 + Level 8.9 Axes
 + Level 2.1 Throwing
 + Level 2.6 Armour
 + Level 3.7 Dodging
 + Level 0.5 Stealth


You had 6 spell levels left.
You didn't know any spells.

Dungeon Overview and Level Annotations

Branches:
Dungeon (6/15)
 Temple: D:4-7

Altars:
Okawaru
Qazlal
Sif Muna
Trog
Yredelemnul

Shops:
D:4 [   D:5 *

Annotations:
D:5 Duvessa


Message History

You slash Dowan! Dowan closely misses you. Duvessa barely misses you.
Dowan points at you and mumbles some strange words.
The puff of flame hits you!
You hit Duvessa.
Duvessa is severely wounded.
You hit Dowan. Duvessa hits you but does no damage.
Dowan hits you but does no damage.
You slash Duvessa!
Duvessa is almost dead.
You slash Dowan!
You kill Dowan!
Okawaru accepts your kill.
Duvessa weeps, then rights herself and shakes her weapon.
Duvessa goes berserk!
Duvessa hits you with a rapier.
You hit Duvessa but do no damage.
Duvessa is almost dead.
Duvessa hits you with a rapier!
* * * LOW HITPOINT WARNING * * *
Duvessa hits you with a rapier!
You die...

#.# #.#
#.# #.#
####+###
#.#
#...?..#
#.#
#......#
#.#
#......#
#.#
#......#
#.#
#...e..##
#.#
#....@..#
#.#
#...)...#
#.#
#.......#
#.#
#######.##
#.# #..#
#.#
##.###.#
#..##†#
##.##.#
#.##.#


You could see Duvessa (berserk).

Vanquished Creatures
  Grinder (D:4)
  An ogre (D:5)
  Dowan (D:5)
  A hound (D:4)
  6 orc wizards
  4 worker ants
  A hound zombie (D:5)
  5 adders
  4 gnolls (D:5)
  An ooze (D:3)
  3 worms
  4 dart slugs
  7 orcs
  8 bats
  3 giant cockroaches
  8 goblins
  6 hobgoblins
  3 jackals (D:6)
  2 kobolds
  4 quokkas
  2 ball pythons
  8 frilled lizards
  9 rats
92 creatures vanquished.

Notes
Turn   | Place    | Note
-------+----------+-------------------------------------------
     0 | D:1      | slep the Hill Orc Gladiator began the quest for the Orb.
     0 | D:1      | Reached XP level 1. HP: 18/18 MP: 1/1
    76 | D:1      | Reached XP level 2. HP: 21/25 MP: 2/2
   138 | D:1      | You fall through a shaft!
   201 | D:3      | Reached XP level 3. HP: 29/30 MP: 3/3
   239 | D:4      | Found a deep blue altar of Sif Muna.
   322 | D:4      | Found Otarilal's Antique Armour Emporium.
   350 | D:4      | Noticed Grinder
   376 | D:3      | Reached skill level 5 in Axes
   376 | D:3      | Reached XP level 4. HP: 8/37 MP: 4/4
   625 | D:3      | Found an iron altar of Okawaru.
   633 | D:3      | Became a worshipper of Warmaster Okawaru
   752 | D:2      | Reached skill level 1 in Armour
  1486 | D:2      | Reached XP level 5. HP: 45/45 MP: 5/5
  1712 | D:2      | Found a stormy altar of Qazlal.
  1712 | D:2      | Found a bloodstained altar of Trog.
  2249 | D:4      | Killed Grinder
  2249 | D:4      | Reached * piety under Okawaru
  2249 | D:4      | Reached skill level 7 in Axes
  2249 | D:4      | Reached XP level 6. HP: 10/52 MP: 6/6
  2887 | D:5      | Entered Level 5 of the Dungeon
  2997 | D:6      | Reached XP level 7. HP: 45/59 MP: 7/7
  3077 | D:6      | Reached skill level 8 in Axes
  3342 | D:5      | Reached ** piety under Okawaru
  3347 | D:5      | Found a basalt altar of Yredelemnul.
  3635 | D:5      | Found Rileaxte's General Store.
  3736 | D:5      | Noticed Duvessa
  3736 | D:5      | Noticed Dowan
  3744 | D:5      | Killed Dowan
  3745 | D:5      | Slain by Duvessa

Vault maps used:
D:1:      eino_arrival_cavern_b, grunt_decor_cap
D:2:      gammafunk_temple_overflow_wave
D:3:      marbit_many_paths
D:4:      lemuel_crystal_altar, serial_shops, nicolae_shop_behind_doors,
          first_bread, serial_bayou_ford_a, corexii_hall_statues_l, uniq_grinder
D:5:      lemuel_coloured_pillars_altar, serial_shops, shop, uniq_duvessa
D:6:      grunt_dithmenos_smoke, grunt_potential, uniq_blork_the_orc

Skill      XL: |  1  2  3  4  5  6  7 |
---------------+----------------------+-----
Dodging        | 3 |  3.7
Axes           | 5 7 8 |  8.9
Armour         | 1 2 |  2.6
Fighting       | 3 4 |  4.9
Throwing       | 2 |  2.1
Stealth        | |  0.5

Action                   |  1- 3 |  4- 6 |  7- 9 || total
-------------------------+-------+-------+-------++-------
Melee: War axe           |    46 |   147 |    91 ||   284
Throw: Throwing net      |       |     2 |     2 ||     4
  Use: Potion            |       |       |     1 ||     1
 Stab: Held in net/web   |       |       |     1 ||     1
  Eat: Chunk             |       |    14 |     7 ||    21
Armor: Leather armour    |    12 |    39 |    23 ||    74
Dodge: Dodged            |    29 |   116 |    45 ||   190

Table legend:
 A = Spawn XP
 B = Non-spawn XP
 C = Spawn XP percentage of total XP
 D = Spawn monster count
 E = Non-spawn monster count
 F = Spawn count percentage of total count
 G = Total turns spent on level
                    A         B        C        D         E        F      G
               +---------+---------+-------+---------+---------+-------+---------
         Total |       0 |    1157 |   0.0 |       0 |      92 |   0.0 |  3745
               +---------+---------+-------+---------+---------+-------+---------
           D:1 |       0 |      29 |   0.0 |       0 |      17 |   0.0 |   714
           D:2 |       0 |      71 |   0.0 |       0 |      24 |   0.0 |   609
           D:3 |       0 |      69 |   0.0 |       0 |      13 |   0.0 |   748
           D:4 |       0 |     383 |   0.0 |       0 |       9 |   0.0 |   816
           D:5 |       0 |     441 |   0.0 |       0 |      20 |   0.0 |   556
           D:6 |       0 |     164 |   0.0 |       0 |       9 |   0.0 |   302
               +---------+---------+-------+---------+---------+-------+---------
